 Dungeon Crawl Stone Soup version 0.29.0-7-g18a832c13a (webtiles) character file.

Game seed: 5176464083648783276

223 BritishOli the Trooper (level 5, -8/43 HPs)
             Began as a Demonspawn Fighter on Aug 29, 2022.
             Mangled by a gnoll bouda
             ... wielding a +0 whip
              (10 damage)
             ... on level 3 of the Dungeon.
             The game lasted 00:03:17 (3474 turns).

BritishOli the Trooper (Demonspawn Fighter)         Turns: 3474, Time: 00:03:18

Health: -8/43      AC: 10    Str: 19    XL:     5   Next: 66%
Magic:  5/5        EV:  9    Int:  9    God:
Gold:   148        SH:  4    Dex: 12    Spells: 4/4 levels left

rFire   . . .      SeeInvis .   x - +0 short sword (venom)
rCold   . . .      Faith    .   c - +0 buckler
rNeg    . . .      Spirit   .   b - +0 scale mail
rPois   .          Reflect  .   (no helmet)
rElec   .          Harm     .   (no cloak)
rCorr   .          Rampage  .   l - +0 pair of gloves
Will    .....                   (no boots)
Stlth   ..........              (no amulet)
HPRegen 0.14/turn               (no ring)
MPRegen 0.09/turn               (no ring)

@: weakened
A: icy blue scales 2, spiny 1
a: no special abilities


You were on level 3 of the Dungeon.
You visited 1 branch of the dungeon, and saw 3 of its levels.

You collected 148 gold pieces.

Inventory:

Hand Weapons
 a - a +0 long sword
 x - a +0 short sword of venom (weapon)
Armour
 b - a +0 scale mail (worn)
 c - a +0 buckler (worn)
 l - a +0 pair of gloves (worn)
Jewellery
 e - a +6 ring of intelligence
 o - a ring of poison resistance
 u - a +4 ring of slaying
Wands
 r - a wand of flame (15)
Scrolls
 f - a scroll of blinking {unknown}
 g - a scroll of enchant weapon {unknown}
 h - 4 scrolls of fear {unknown}
 i - a scroll of enchant armour {unknown}
 j - a scroll of torment {unknown}
 m - a scroll of vulnerability {unknown}
 n - a scroll of identify {unknown}
 p - 2 scrolls of teleportation {unknown}
 t - a scroll of butterflies {unknown}
 w - a scroll of poison {unknown}
Potions
 d - 2 potions of might
 k - a potion of ambrosia {unknown}
 q - a potion of flight {unknown}
 s - a potion of haste {unknown}
 v - a potion of attraction {unknown}
 z - a potion of heal wounds {unknown}
 A - a potion of resistance {unknown}


   Skills:
 + Level 4.3 Fighting
 * Level 4.1 Long Blades
 - Level 3.0 Armour
 - Level 3.0 Shields


You had 4 spell levels left.
You didn't know any spells.
Your spell library contained the following spells:

 Spells                   Type           Power      Damage    Failure   Level
 Blink                    Tloc           0%         N/A       94%         2
 Ignite Poison            Fire/Tmut/Pois 0%         N/A       99%         3
 Lesser Beckoning         Tloc           0%         N/A       99%         3
 Mephitic Cloud           Conj/Pois/Air  0%         N/A       99%         3
 Freezing Cloud           Conj/Ice/Air   0%         6-21      100%        5
 Manifold Assault         Tloc           0%         N/A       100%        5


Dungeon Overview and Level Annotations

Branches:
Dungeon (3/15)

Altars:
Wu Jian


Innate Abilities, Weirdness & Mutations

You are mostly covered in icy blue scales. (AC +3)
You are partially covered in sharp spines.


Message History

The gnoll is no longer moving quickly.
The gnoll is struck by your spines. The gnoll hits you with a +0 whip.
* * * LOW HITPOINT WARNING * * *
You block the gnoll's attack.
You hit the gnoll.
The gnoll looks even sicker.
The gnoll is heavily wounded.
Your attacks no longer feel as feeble.
The gnoll closely misses you. The gnoll hits you but does no damage.
You hit the gnoll.
The gnoll looks as sick as possible!
The gnoll is almost dead.
You kill the gnoll!
The gnoll hits you from afar with a +0 spear.
* * * LOW HITPOINT WARNING * * *
The gnoll is no longer moving quickly.
The gnoll is struck by your spines. The gnoll hits you but does no damage.
Things that are here:
a +0 whip; a +0 whip; a gnoll corpse You hit the gnoll.
The gnoll is poisoned.
The gnoll is moderately wounded.
The gnoll closely misses you.
The gnoll bouda calls upon its god to heal the gnoll.
The gnoll is healed somewhat.
You hit the gnoll.
The gnoll looks as sick as possible!
The gnoll is moderately wounded.
The gnoll is no longer moving quickly.
The gnoll is struck by your spines. The gnoll hits you but does no damage.
The gnoll bouda barks out a call to the hunt!
The gnolls pick up the pace!
You closely miss the gnoll.
The gnoll is severely wounded.
The gnoll is struck by your spines.
You kill the gnoll!
You barely miss the gnoll bouda.
The gnoll bouda gazes fiercely through you!
You feel your attacks grow feeble.
The gnoll bouda hits you but does no damage.
You hit the gnoll bouda but do no damage.
The gnoll bouda is poisoned.
The gnoll bouda hits you with a +0 whip!
You die...

######.[.###.###.#
.......^.###.....#
.######...##+###+#
#....#..).# #
#.######### #. #.#
##. #.#
####..###.#
........#@#
.P.P.P..#g#
P...P....g#
PP....P...#
..g......##
P.P.P.P.##
.P....P.#
PPP..P..#
.........


You could see a gnoll bouda (very poisoned) and a gnoll (swift).

Vanquished Creatures
  An orc priest (D:2)
  Natasha (D:3)
  An orc wizard (D:2)
  3 adders
  4 gnolls (D:3)
  A worm (D:3)
  A dart slug (D:1)
  4 orcs
  2 ball pythons (D:1)
  6 endoplasms
  A giant cockroach (D:1)
  5 goblins
  7 hobgoblins (D:1)
  6 jackals (D:2)
  4 kobolds
  5 quokkas
  8 bats
  4 frilled lizards
  6 rats
70 creatures vanquished.

Vanquished Creatures (others)
  3 plants (D:3)
3 creatures vanquished.

Grand Total: 73 creatures vanquished

Notes
Turn   | Place    | Note
-------+----------+-------------------------------------------
     0 | D:1      | BritishOli the Demonspawn Fighter began the quest for the
                  | Orb.
     0 | D:1      | Reached XP level 1. HP: 18/18 MP: 1/1
   279 | D:1      | Gained mutation: You are partially covered in icy blue
                  | scales. (AC +2) [demonic ancestry]
   279 | D:1      | Reached XP level 2. HP: 24/24 MP: 2/2
   976 | D:1      | Gained mutation: You are mostly covered in icy blue scales.
                  | (AC +3) [demonic ancestry]
   976 | D:1      | Reached XP level 3. HP: 29/29 MP: 3/3
   990 | D:1      | Found a faded altar of an unknown god.
  1395 | D:2      | Identified the +1 robe "Jimear" {Stlth+}
  2437 | D:2      | Reached XP level 4. HP: 29/37 MP: 4/4
  3224 | D:3      | Noticed Natasha
  3231 | D:3      | Killed Natasha
  3232 | D:3      | Gained mutation: You are partially covered in sharp spines.
                  | [demonic ancestry]
  3232 | D:3      | Reached XP level 5. HP: 35/42 MP: 5/5
  3423 | D:3      | Found an ornate altar of the Wu Jian Council.
  3468 | D:3      | HP: 1/42 [gnoll/+0 spear[a gnoll bouda] (5)]
  3474 | D:3      | Mangled by a gnoll bouda

Illustrated notes

Levels and vault maps discovered:
D:1:      amcnicky_arrival_gap_in_the_tavern_cellar, layout_loops_corners,
          dilly_ecumenical_altar_fadedgnrine, minmay_misc_feat_iff
D:2:      layout_loops_cross, kennysheep_donut, chequers_serial_rivers_small_3
D:3:      layout_loops_ring, mainiacjoe_overflow_six_doors_small,
          nicolae_grassy_gnolls, uniq_natasha

Skill      XL: |  1  2  3  4  5 |
---------------+----------------+-----
Long Blades    | 2 3 4 |  4.1
Shields        | 3 |  3.0
Armour         | 3 |  3.0
Fighting       | 4 |  4.3

Action                   |  1- 3 |  4- 6 || total
-------------------------+-------+-------++-------
Melee: Long sword        |   151 |       ||   151
       Short sword       |     9 |    80 ||    89
Armor: Scale mail        |    87 |    45 ||   132
Dodge: Dodged            |    69 |    25 ||    94
Block: Buckler           |    43 |    15 ||    58
